[Event "Titled Tuesday Blitz February 07 Early 2023"]
[White "Bok, Benjamin"]
[Black "Kumala, Aleksander"]
[WhiteFideId "1017063"]
[BlackFideId "1141880"]
[WhiteElo "2607"]
[BlackElo "2165"]
[Result "1-0"]
[Round "03"]
[TimeControl "180+2"]
[Date "2023.02.07"]
[WhiteClock "0:00:25"]
[BlackClock "0:00:04"]

1. d4 Nf6 2. c4 Nc6 3. Nf3 e6 4. Nc3 Bb4 5. Bd2 d6 6. Qc2 O-O 7. a3 Bxc3 8. Bxc3 Qe7 9. e3 e5 10. dxe5 Nxe5 11. Nxe5 dxe5 12. Be2 Bg4 13. Bxg4 Nxg4 14. Qf5 Qh4 15. g3 Nh6 16. Qxe5 Qg4 17. h3 Qg6 18. O-O-O c6 19. g4 f6 20. Qc7 Rf7 21. Rd8+ Rxd8 22. Qxd8+ Rf8 23. Qd7 Qe4 24. Rd1 Qxc4 25. g5 Nf7 26. gxf6 g6 27. Qxb7 a6 28. Kb1 Qe2 29. Rd2 Qf1+ 30. Ka2 Qc4+ 31. Qb3 Qe4 32. Rd7 Qf5 33. Rc7 Qxf2 34. Qe6 Qf3 35. Bb4 c5 36. Bxc5 1-0


[Site "https://www.chess.com"]

[Event "Titled Tuesday Blitz February 07 Early 2023"]
[White "Brilej, Jaka"]
[Black "Korobov, Anton"]
[WhiteFideId "14618818"]
[BlackFideId "14105730"]
[WhiteElo "2321"]
[BlackElo "2664"]
[Result "0-1"]
[Round "03"]
[TimeControl "180+2"]
[Date "2023.02.07"]
[WhiteClock "0:00:48"]
[BlackClock "0:01:45"]

1. e4 c5 2. Nf3 d6 3. d4 cxd4 4. Nxd4 Nf6 5. Nc3 a6 6. h3 Nc6 7. Be2 e6 8. O-O Be7 9. Be3 O-O 10. a4 Qc7 11. Nxc6 bxc6 12. a5 c5 13. f4 Rb8 14. b3 Rb4 15. Bf3 Bb7 16. Qd3 c4 17. bxc4 Rxc4 18. Ne2 Bxe4 19. Bxe4 Nxe4 20. Bb6 Qc8 21. f5 exf5 22. Nd4 g6 23. Rae1 Bh4 24. Rxe4 fxe4 25. Qxe4 Bg3 26. Qd5 Be5 27. Nf3 Qc6 28. Qd3 Bg7 29. Nd4 Qc8 30. Nf3 Rxc2 31. Qxd6 Qc6 32. Qd3 Re8 33. Nd4 Qxg2# 0-1


[Site "https://www.chess.com"]

[Event "Titled Tuesday Blitz February 07 Early 2023"]
[White "Mitrabha, Guha"]
[Black "Colas, Joshua"]
[WhiteFideId "5057000"]
[BlackFideId "2044447"]
[WhiteElo "2507"]
[BlackElo "2342"]
[Result "0-1"]
[Round "03"]
[TimeControl "180+2"]
[Date "2023.02.07"]
[WhiteClock "0:01:14"]
[BlackClock "0:00:17"]

1. c4 Nf6 2. Nc3 c5 3. g3 Nc6 4. Bg2 e6 5. Nf3 d5 6. cxd5 Nxd5 7. d4 Nxc3 8. bxc3 cxd4 9. cxd4 Bb4+ 10. Bd2 Bxd2+ 11. Qxd2 O-O 12. Rc1 Bd7 13. O-O Qe7 14. e4 Rfd8 15. Rfe1 Rac8 16. d5 Be8 17. Qb2 Qb4 18. Qxb4 Nxb4 19. dxe6 fxe6 20. Rb1 Nd3 21. Red1 Ba4 22. Rd2 b6 23. Bh3 Nc5 24. Rbb2 h6 25. Nd4 Kf7 26. f3 Rc7 27. Ne2 Rcd7 28. Rxd7+ Rxd7 29. e5 Rd1+ 30. Kg2 Nd3 31. Nf4 Nxb2 32. Bxe6+ Ke7 33. Bg8 Rd2+ 34. Kh3 Bd7+ 35. e6 g5 36. Ng6+ Kf6 37. Nf8 Be8 38. Bh7 Ke7 39. Ng6+ Bxg6 40. Bxg6 Kxe6 41. f4 gxf4 42. gxf4 Nd3 43. Kg4 Nf2+ 44. Kh5 Rxa2 45. Kxh6 Ng4+ 46. Kg5 Nxh2 47. f5+ Ke7 48. Kh6 Kf8 0-1


[Site "https://www.chess.com"]

[Event "Titled Tuesday Blitz February 07 Early 2023"]
[White "Di Nicolantonio, Lucas"]
[Black "Tsydypov, Zhamsaran"]
[WhiteFideId "680460"]
[BlackFideId "4108566"]
[WhiteElo "2376"]
[BlackElo "2518"]
[Result "0-1"]
[Round "03"]
[TimeControl "180+2"]
[Date "2023.02.07"]
[WhiteClock "0:00:04"]
[BlackClock "0:02:15"]

1. e4 c5 2. Nf3 e6 3. d4 cxd4 4. Nxd4 Nc6 5. Nc3 Qc7 6. Be3 a6 7. Qd2 Nf6 8. f3 Bb4 9. a3 Ba5 10. O-O-O d5 11. Nb3 Bxc3 12. Qxc3 O-O 13. Bd3 Rd8 14. Kb1 e5 15. Bg5 d4 16. Qe1 Qd6 17. Qh4 h6 18. Bxf6 Qxf6 19. Qxf6 gxf6 20. f4 exf4 21. Rdf1 Rd6 22. Rxf4 Ne5 23. Rhf1 Kg7 24. Nc1 Bg4 25. h3 Bh5 26. g4 Bg6 27. h4 h5 28. gxh5 Bxh5 29. Rg1+ Kf8 30. Rf5 Bg6 31. Rf2 Ke7 32. Ne2 Rh8 33. Rh1 Ng4 34. Rf4 Ne3 35. Rh3 Rh6 36. Nxd4 Ng2 37. Nf5+ Bxf5 38. Rxf5 Rxh4 39. Rxh4 Nxh4 40. Rf1 Ng6 41. Kc1 Ne5 42. Kd2 b5 43. b3 Rc6 44. Ke3 Rc3 45. Kd4 Rc8 46. Ke3 Rh8 47. Kd4 Rh5 48. a4 Nc6+ 49. Ke3 Rh3+ 50. Kd2 bxa4 51. bxa4 Nb4 52. Rb1 a5 53. Re1 Rh2+ 54. Kc3 Rh5 55. Kb3 Rc5 56. Bc4 Nc6 57. c3 Ne5 58. Bd5 Rc8 59. c4 Rh8 60. c5 Rh3+ 61. Kb2 Nd3+ 0-1


[Site "https://www.chess.com"]

[Event "Titled Tuesday Blitz February 07 Early 2023"]
[White "Borrmann, Laurenz"]
[Black "Krzyzanowski, Marcin"]
[WhiteFideId "312187930"]
[BlackFideId "1132199"]
[WhiteElo "2304"]
[BlackElo "2512"]
[Result "0-1"]
[Round "03"]
[TimeControl "180+2"]
[Date "2023.02.07"]
[WhiteClock "0:00:02"]
[BlackClock "0:00:39"]

1. d4 d5 2. c4 e6 3. Nc3 c6 4. Nf3 f5 5. Bf4 Nf6 6. e3 Nbd7 7. Ng5 Qe7 8. h4 Ne4 9. cxd5 exd5 10. Rc1 Nxc3 11. bxc3 Nf6 12. Bd3 Ne4 13. Qc2 Qa3 14. O-O Be7 15. c4 O-O 16. cxd5 cxd5 17. f3 Nxg5 18. hxg5 Bd7 19. g4 Rac8 20. Qb1 Rxc1 21. Rxc1 Bd6 22. gxf5 Bxf4 23. exf4 Qd6 24. f6 Qxf4 25. Bxh7+ Kh8 26. Rc2 Qxg5+ 27. Rg2 Qe3+ 28. Kh1 Rxf6 29. Rh2 Qxf3+ 30. Kg1 Bh3 31. Bg6 Qf1+ 0-1


[Site "https://www.chess.com"]

[Event "Titled Tuesday Blitz February 07 Early 2023"]
[White "Seletsky, Grigory"]
[Black "Gharibyan, Mamikon"]
[WhiteFideId "14112191"]
[BlackFideId "13308300"]
[WhiteElo "2259"]
[BlackElo "2500"]
[Result "0-1"]
[Round "03"]
[TimeControl "180+2"]
[Date "2023.02.07"]
[WhiteClock "0:00:06"]
[BlackClock "0:00:56"]

1. d4 d5 2. Nf3 Nf6 3. c4 e6 4. Nc3 Nbd7 5. cxd5 exd5 6. Bg5 c6 7. e3 Be7 8. Bd3 O-O 9. Qc2 Re8 10. h3 Nf8 11. O-O-O Ne4 12. Bxe4 Bxg5 13. Bd3 Be7 14. Kb1 Bd6 15. g4 a5 16. Rdg1 b6 17. h4 c5 18. g5 a4 19. h5 a3 20. g6 fxg6 21. hxg6 h6 22. Nxd5 Be6 23. e4 axb2 24. Bc4 Ra3 25. Ne3 Qa8 26. d5 Bd7 27. e5 b5 28. Qxb2 bxc4 29. Ka1 c3 30. Qc2 Ba4 31. Qf5 Rxa2+ 32. Kxa2 Bc2# 0-1


[Site "https://www.chess.com"]

[Event "Titled Tuesday Blitz February 07 Early 2023"]
[White "Sethuraman, S.P."]
[Black "Ezat, Mohamed"]
[WhiteFideId "5021596"]
[BlackFideId "10600906"]
[WhiteElo "2626"]
[BlackElo "2402"]
[Result "0-1"]
[Round "03"]
[TimeControl "180+2"]
[Date "2023.02.07"]
[WhiteClock "0:00:01"]
[BlackClock "0:00:05"]

1. e4 c6 2. d4 d5 3. e5 c5 4. Nf3 Bg4 5. dxc5 Nc6 6. Bb5 e6 7. Be3 Qa5+ 8. Nc3 Ne7 9. h3 Bxf3 10. Qxf3 Nf5 11. O-O-O Nxe3 12. fxe3 Bxc5 13. Kb1 O-O 14. Bxc6 bxc6 15. e4 Rab8 16. b3 d4 17. Ne2 Rfd8 18. Rhf1 Rb7 19. c3 dxc3 20. Qxc3 Bb4 21. Qxc6 Rbb8 22. Rxd8+ Rxd8 23. Qb7 Rf8 24. Nd4 Ba3 25. Nc2 Qc3 26. Nxa3 Qd3+ 27. Nc2 Qxf1+ 28. Kb2 Qf2 29. g4 h6 30. a4 Rd8 31. Qc7 Rd3 32. a5 Rxh3 33. Ka3 Qd2 34. Nb4 Qe3 35. Qb8+ Kh7 36. Nc6 Qc5+ 37. Nb4 Qxa5+ 38. Kb2 Qxe5+ 39. Qxe5 Rh2+ 0-1


[Site "https://www.chess.com"]

[Event "Titled Tuesday Blitz February 07 Early 2023"]
[White "Kleiman, Jake"]
[Black "Harsh Suresh"]
[WhiteFideId "2020041"]
[BlackFideId "45018464"]
[WhiteElo "2399"]
[BlackElo "2298"]
[Result "1-0"]
[Round "03"]
[TimeControl "180+2"]
[Date "2023.02.07"]
[WhiteClock "0:00:11"]
[BlackClock "0:00:02"]

1. e4 c6 2. Nc3 d5 3. Nf3 Bg4 4. h3 Bxf3 5. Qxf3 e6 6. g3 Nd7 7. d3 h5 8. Bg2 h4 9. g4 Ne5 10. Qe2 g5 11. f4 gxf4 12. exd5 f3 13. Qxe5 fxg2 14. Rg1 Qf6 15. Qxf6 Nxf6 16. dxe6 fxe6 17. Rxg2 Bd6 18. Bg5 Nh7 19. Be3 Rf8 20. Ke2 Kf7 21. Ne4 Be5 22. Bf2 Nf6 23. Ng5+ Kg6 24. Nf3 Bg3 25. Bxg3 hxg3 26. c4 Rae8 27. Rxg3 e5 28. Nd2 e4 29. d4 Kg5 30. Rf1 Rd8 31. Ke3 Kh4 32. Rfg1 Rd7 33. g5 Nh5 34. Rg4+ Kxh3 35. Nxe4 Rdf7 36. g6 Rf3+ 37. Kd2 Ng7 38. Ng5+ Kh2 39. Nxf3+ Rxf3 40. R4g2+ Kh3 41. Rg5 Kh2 42. R1g2+ Kh3 43. Ke2 Rf6 44. Ke3 Re6+ 45. Kf4 Rf6+ 46. Ke5 Re6+ 47. Kf4 Rf6+ 48. Ke4 Re6+ 49. Kd3 Rf6 50. d5 c5 51. Ke4 Rf8 52. Ke5 Re8+ 53. Kf6 Re3 54. Kxg7 Kh4 55. R5g3 b5 56. Rxe3 bxc4 57. Re1 c3 58. Rh1# 1-0


[Site "https://www.chess.com"]

[Event "Titled Tuesday Blitz February 07 Early 2023"]
[White "Harsha Bharathakoti"]
[Black "Vivas Zamora, Fabian Ernesto"]
[WhiteFideId "5078776"]
[BlackFideId "3902480"]
[WhiteElo "2602"]
[BlackElo "2346"]
[Result "1-0"]
[Round "03"]
[TimeControl "180+2"]
[Date "2023.02.07"]
[WhiteClock "0:01:03"]
[BlackClock "0:00:01"]

1. e4 e5 2. Nf3 Nc6 3. Bc4 Nf6 4. d3 Bc5 5. c3 O-O 6. a4 a6 7. O-O d5 8. exd5 Nxd5 9. Re1 Bg4 10. h3 Bh5 11. Nbd2 Nb6 12. Bb3 Qxd3 13. Nxe5 Qf5 14. Nef3 Rad8 15. Qe2 Nd5 16. Ne4 Rfe8 17. Bc2 Bxf3 18. Qxf3 Qxf3 19. gxf3 f5 20. Bg5 fxe4 21. Bxd8 Rxd8 22. Rxe4 Nf6 23. Re2 Nh5 24. Rd1 Rxd1+ 25. Bxd1 Nf4 26. Re8+ Kf7 27. Rc8 Bb6 28. Bc2 Ne5 29. Be4 Nxh3+ 30. Kf1 Ng5 31. Bd5+ Ke7 32. f4 1-0


[Site "https://www.chess.com"]

[Event "Titled Tuesday Blitz February 07 Early 2023"]
[White "Grigorjev, Iljya"]
[Black "Defend, Balint"]
[WhiteFideId "24159565"]
[BlackFideId "17004853"]
[WhiteElo "2426"]
[BlackElo "1673"]
[Result "1-0"]
[Round "03"]
[TimeControl "180+2"]
[Date "2023.02.07"]
[WhiteClock "0:00:13"]
[BlackClock "0:00:27"]

1. d4 Nf6 2. c4 e6 3. Nf3 b6 4. g3 Bb7 5. Bg2 Be7 6. O-O O-O 7. Nc3 Ne4 8. Bd2 d5 9. Ne5 Nxc3 10. Bxc3 Nd7 11. f4 f6 12. Ng4 f5 13. Ne5 Nf6 14. Qa4 Ne4 15. cxd5 exd5 16. Rac1 Qe8 17. Qb3 a5 18. Be1 Bd6 19. a4 Kh8 20. Bxe4 fxe4 21. e3 Qe6 22. Rf2 Ba6 23. Rfc2 Bxe5 24. dxe5 c5 25. Rg2 Bc4 26. Qc3 h5 27. b3 Bd3 28. Bd2 Rad8 29. Qb2 d4 30. Re1 Kh7 31. Rf2 Qh3 32. Bc1 Rd7 33. Rg2 Rc8 34. Qf2 Qf5 35. g4 hxg4 36. Qh4+ Kg8 37. Rxg4 Rc6 38. Kh1 g6 39. Rg5 Rh7 40. Qg3 Qh3 41. Rg1 Qxg3 42. R1xg3 Kf7 43. Bb2 dxe3 44. Rxe3 Rh5 45. Rxh5 gxh5 46. f5 c4 47. e6+ Ke7 48. bxc4 Rxc4 49. Rg3 Kd6 50. Rg7 Rc2 51. Rd7+ Kc6 52. Ba3 Ra2 53. Rd6+ Kc7 54. e7 Rxa3 55. Rxd3 exd3 56. e8=Q Ra1+ 57. Kg2 d2 58. Qe5+ Kc6 59. Qxa1 Kc5 60. Qd1 Kb4 61. Qxd2+ Kxa4 62. f6 Kb5 63. f7 a4 64. f8=Q Ka6 65. Qfb4 b5 66. Qdd6+ Kb7 67. Qe4+ Ka7 68. Qee7+ Ka8 69. Qdd8# 1-0


[Site "https://www.chess.com"]

[Event "Titled Tuesday Blitz February 07 Early 2023"]
[White "Kochetov, Andrey"]
[Black "Boruchovsky, Avital"]
[WhiteFideId "24130532"]
[BlackFideId "2800055"]
[WhiteElo "2165"]
[BlackElo "2539"]
[Result "0-1"]
[Round "03"]
[TimeControl "180+2"]
[Date "2023.02.07"]
[WhiteClock "0:00:02"]
[BlackClock "0:00:20"]

1. e4 c6 2. d4 d5 3. Nc3 dxe4 4. Nxe4 Nf6 5. Nxf6+ exf6 6. c3 Bd6 7. Bd3 O-O 8. Ne2 Re8 9. O-O Nd7 10. f4 Qc7 11. Ng3 Nf8 12. Qf3 Ng6 13. Bd2 Bd7 14. Nh5 f5 15. Qh3 Qa5 16. Rf2 Re7 17. a3 Rae8 18. c4 Qa4 19. Bc3 Re3 20. Rf3 Nxf4 21. Nxf4 Bxf4 22. d5 cxd5 23. cxd5 g6 24. Raf1 Rxf3 25. Rxf3 Be5 26. Re3 Bxc3 27. bxc3 Qxa3 28. Rxe8+ Bxe8 29. Qe3 Bd7 30. Qe5 Qc5+ 31. Kf1 a5 32. Qb8+ Kg7 33. Qxb7 Qxc3 34. Be2 Qc1+ 35. Kf2 Qc5+ 36. Kf1 Be8 37. Qa8 Bb5 38. Bxb5 Qxb5+ 39. Kf2 a4 40. Qc6 Qb2+ 41. Kg3 a3 42. d6 a2 43. d7 Qb8+ 44. Kh3 a1=Q 45. Qc8 Qae5 46. d8=Q Qxh2# 0-1


[Site "https://www.chess.com"]

[Event "Titled Tuesday Blitz February 07 Early 2023"]
[White "Vakhlamov, Igor L."]
[Black "Osmak, Yuliia"]
[WhiteFideId "24126748"]
[BlackFideId "14101602"]
[WhiteElo "2413"]
[BlackElo "2440"]
[Result "0-1"]
[Round "03"]
[TimeControl "180+2"]
[Date "2023.02.07"]
[WhiteClock "0:01:25"]
[BlackClock "0:00:23"]

1. e4 c6 2. d4 d5 3. exd5 cxd5 4. c4 Nf6 5. Nc3 Nc6 6. Nf3 g6 7. c5 Bg4 8. Bb5 Bg7 9. O-O O-O 10. Bxc6 bxc6 11. Re1 Nd7 12. Bg5 f6 13. Bh4 g5 14. Bg3 e5 15. h3 Bh5 16. dxe5 fxe5 17. Nxd5 Bxf3 18. gxf3 cxd5 19. Qxd5+ Kh8 20. c6 Nb6 21. Qxd8 Raxd8 22. Bxe5 Rc8 23. Rac1 Rxf3 24. b4 a6 25. Bxg7+ Kxg7 26. Re5 h6 27. Ra5 Rf6 28. Rxa6 Rcxc6 29. Rxc6 Rxc6 30. a4 Rc1+ 31. Kg2 Nd5 32. b5 Rb1 33. Kf3 Rb4 34. Ke2 Rxa4 35. Rxa4 Nc3+ 36. Kd3 Nxa4 37. Ke4 Kf6 38. f4 Nc3+ 39. Kf3 Nxb5 40. Kg4 gxf4 41. Kxf4 Kg6 42. Kg4 Nd6 43. Kh4 Nf5+ 44. Kg4 h5+ 45. Kf4 Nh6 46. Ke4 Kg5 47. Kf3 Kh4 48. Kg2 Nf7 49. Kh2 Ng5 50. Kg2 Nxh3 51. Kh2 Kg4 52. Kg2 Ng5 53. Kh2 h4 54. Kg2 h3+ 55. Kh2 Kh4 56. Kh1 Kg3 57. Kg1 Ne4 58. Kh1 Nf2+ 59. Kg1 h2+ 60. Kf1 h1=Q+ 61. Ke2 Qf3+ 62. Kf1 Qd1# 0-1


[Site "https://www.chess.com"]

[Event "Titled Tuesday Blitz February 07 Early 2023"]
[White "Aitbayev, Aslan"]
[Black "Toncheva, Nadya"]
[WhiteFideId "13704613"]
[BlackFideId "2924056"]
[WhiteElo "2427"]
[BlackElo "2295"]
[Result "1-0"]
[Round "03"]
[TimeControl "180+2"]
[Date "2023.02.07"]
[WhiteClock "0:00:53"]
[BlackClock "0:00:07"]

1. e4 c5 2. Nf3 Nc6 3. Bb5 e6 4. Bxc6 bxc6 5. d3 d6 6. e5 d5 7. O-O Ne7 8. c4 Nf5 9. Nc3 h5 10. Bg5 Be7 11. Bxe7 Qxe7 12. Rc1 Rb8 13. Na4 d4 14. Qd2 Bd7 15. b3 O-O 16. Qg5 Qxg5 17. Nxg5 f6 18. Nf3 Rbe8 19. Nxc5 Bc8 20. Rfe1 Kf7 21. Re4 Rd8 22. Rce1 Rfe8 23. h3 Re7 24. Rf4 g5 25. Rfe4 h4 26. exf6 Kxf6 27. Rg4 Rg7 28. Ne4+ Ke7 29. Rxg5 Rxg5 30. Nfxg5 Rg8 31. Nf3 Kf7 32. Ne5+ Kf8 33. Nxc6 Rg7 34. Nc5 e5 35. Rxe5 Nd6 36. Nxd4 Kg8 37. Rd5 Bxh3 38. Rxd6 Rxg2+ 39. Kh1 Rxf2 40. Rh6 Rf4 41. Nce6 Rg4 42. Kh2 Bf1 43. Rf6 Bxd3 44. Rf4 Rxf4 45. Nxf4 Bb1 46. a4 Kf7 47. Kh3 Kf6 48. Kxh4 Ke5 49. Nfe2 Bd3 50. Kg3 Ke4 51. Kf2 Ke5 52. Ke3 Bb1 53. Nc3 Bh7 54. c5 Bg6 55. Nc6+ Ke6 56. Nxa7 Kd7 57. Kd4 Bc2 58. b4 Kc7 59. b5 Kb7 60. Nc6 Bb3 61. Na5+ 1-0


[Site "https://www.chess.com"]

[Event "Titled Tuesday Blitz February 07 Early 2023"]
[White "Dushyant Sharma"]
[Black "Murzin, Volodar"]
[WhiteFideId "25065130"]
[BlackFideId "44155573"]
[WhiteElo "2355"]
[BlackElo "2604"]
[Result "1/2-1/2"]
[Round "03"]
[TimeControl "180+2"]
[Date "2023.02.07"]
[WhiteClock "0:01:10"]
[BlackClock "0:02:36"]

1. e4 c6 2. d4 d5 3. exd5 cxd5 4. Bd3 Nc6 5. Nf3 Bg4 6. c3 e6 7. O-O Bd6 8. Be3 Nge7 9. Nbd2 O-O 10. Bxh7+ Kxh7 11. Ng5+ Kg8 12. Qxg4 Nf5 13. Qh5 Nh6 14. Nxe6 fxe6 15. Bxh6 gxh6 16. Qg6+ Kh8 17. Qxh6+ Kg8 18. Qg6+ Kh8 19. Qh6+ Kg8 20. Qg6+ Kh8 21. Qh6+ 1/2-1/2


[Site "https://www.chess.com"]

[Event "Titled Tuesday Blitz February 07 Early 2023"]
[White "matenitian"]
[Black "Acor, Corey"]
[BlackFideId "2024861"]
[WhiteElo "2479"]
[BlackElo "2216"]
[Result "0-1"]
[Round "03"]
[TimeControl "180+2"]
[Date "2023.02.07"]
[WhiteClock "0:00:28"]
[BlackClock "0:00:42"]

1. e4 e5 2. Nf3 Nc6 3. Bb5 Nge7 4. O-O d6 5. c3 Bd7 6. d4 Ng6 7. Bc4 Be7 8. a3 O-O 9. Re1 Kh8 10. Nbd2 f5 11. exf5 Bxf5 12. Ne4 Bxe4 13. Rxe4 d5 14. Bxd5 Qxd5 15. Qc2 Rxf3 16. gxf3 exd4 17. Bd2 Nh4 18. Kh1 Nxf3 19. c4 Qh5 20. Bf4 Bd6 21. Kg2 Rf8 22. Qe2 Nh4+ 23. Kg3 Qxe2 24. Rxe2 Rxf4 0-1


[Site "https://www.chess.com"]

[Event "Titled Tuesday Blitz February 07 Early 2023"]
[White "Lobanov, Sergei"]
[Black "Tokman, Ariel"]
[WhiteFideId "24183750"]
[BlackFideId "117420"]
[WhiteElo "2536"]
[BlackElo "2330"]
[Result "1-0"]
[Round "03"]
[TimeControl "180+2"]
[Date "2023.02.07"]
[WhiteClock "0:00:38"]
[BlackClock "0:01:03"]

1. e4 c5 2. Nf3 e6 3. d4 cxd4 4. Nxd4 a6 5. Bd3 Bc5 6. Nb3 Ba7 7. Qe2 Nc6 8. Nc3 d6 9. Be3 Nf6 10. Bxa7 Rxa7 11. g4 e5 12. g5 Nd7 13. h4 Nf8 14. O-O-O Ne6 15. Nd5 Ned4 16. Nxd4 Nxd4 17. Qe3 Be6 18. c3 Nc6 19. h5 Ra8 20. h6 g6 21. Bc4 b5 22. Nf6+ Ke7 23. Bd5 Rc8 24. Kb1 Qc7 25. Rd2 Na5 26. Rhd1 Rcd8 27. b3 Nc6 28. Kb2 Nb8 29. f4 Nd7 30. Bxe6 Nxf6 31. Bh3 1-0


[Site "https://www.chess.com"]

[Event "Titled Tuesday Blitz February 07 Early 2023"]
[White "Shuvalov, Evgenij"]
[Black "Kosakowski, Jakub"]
[WhiteFideId "4187237"]
[BlackFideId "1185080"]
[WhiteElo "2038"]
[BlackElo "2485"]
[Result "0-1"]
[Round "03"]
[TimeControl "180+2"]
[Date "2023.02.07"]
[WhiteClock "0:00:01"]
[BlackClock "0:00:05"]

1. d4 Nf6 2. c4 e6 3. Nc3 Bb4 4. a3 Bxc3+ 5. bxc3 O-O 6. f3 c5 7. e4 d6 8. Bg5 Nc6 9. Ne2 h6 10. Bh4 cxd4 11. cxd4 Qa5+ 12. Kf2 g5 13. Bg3 e5 14. d5 Qb6+ 15. Ke1 Na5 16. Bf2 Qc7 17. Rc1 Nxc4 18. h4 g4 19. h5 Bd7 20. Qd3 Rac8 21. Bh4 Nh7 22. Ng3 Qa5+ 23. Qc3 Qxc3+ 24. Rxc3 b5 25. Bxc4 Rxc4 26. Rxc4 bxc4 27. Be7 Rb8 28. Bxd6 Rb1+ 29. Kd2 Rb2+ 30. Kc3 Rxg2 31. Bxe5 gxf3 32. Rf1 Ng5 33. Kxc4 a6 34. Kd4 Bb5 35. Rc1 f6 36. Bf4 f2 37. Nf1 Nf3+ 38. Ke3 Ne1 39. Nd2 Nd3 40. Rc8+ Kf7 41. Bxh6 Rg3+ 42. Kd4 Ne5 43. Rc3 Nf3+ 44. Rxf3 Rxf3 0-1


[Site "https://www.chess.com"]

[Event "Titled Tuesday Blitz February 07 Early 2023"]
[White "Rakhmatullaev, Almas"]
[Black "Fiorito, Francisco"]
[WhiteFideId "14205793"]
[BlackFideId "180165"]
[WhiteElo "2275"]
[BlackElo "2305"]
[Result "1-0"]
[Round "03"]
[TimeControl "180+2"]
[Date "2023.02.07"]
[WhiteClock "0:00:05"]
[BlackClock "0:01:26"]

1. e4 c5 2. c3 Nf6 3. e5 Nd5 4. d4 cxd4 5. Qxd4 Nc7 6. Nf3 Nc6 7. Qe4 g6 8. h4 h5 9. Bc4 Bg7 10. O-O Ne6 11. Rd1 Qc7 12. Bxe6 dxe6 13. Bf4 b6 14. Na3 a6 15. b4 Bb7 16. Rac1 O-O 17. Qe3 Rfd8 18. Nc4 b5 19. Nb2 Rxd1+ 20. Rxd1 Rd8 21. Nd3 Nb8 22. Rc1 Nd7 23. Nd4 Bd5 24. Bg3 Bc4 25. a3 Bxd3 26. Qxd3 Nxe5 27. Qe3 Nc4 28. Bxc7 Nxe3 29. Bxd8 Nc4 30. Bxe7 Nxa3 31. Ra1 Nc4 32. Rxa6 e5 33. Ra8+ Kh7 34. Nxb5 e4 35. Nd6 Nb6 36. Rb8 Nd5 37. Bf8 Bxc3 38. Nxe4 Bd4 39. Ng5+ Kg8 40. Bh6# 1-0


[Site "https://www.chess.com"]

[Event "Titled Tuesday Blitz February 07 Early 2023"]
[White "Maximov, Dmitry"]
[Black "Pein, Jonathan"]
[WhiteFideId "14105659"]
[BlackFideId "417092"]
[WhiteElo "2497"]
[BlackElo "2265"]
[Result "0-1"]
[Round "03"]
[TimeControl "180+2"]
[Date "2023.02.07"]
[WhiteClock "0:00:02"]
[BlackClock "0:00:08"]

1. e4 e5 2. Nf3 d6 3. d4 exd4 4. Nxd4 Nf6 5. Nc3 g6 6. g3 Bg7 7. Bg2 O-O 8. O-O Nc6 9. Nxc6 bxc6 10. e5 dxe5 11. Qxd8 Rxd8 12. Bxc6 Rb8 13. Re1 Bf5 14. Ba4 e4 15. Bb3 c6 16. Bf4 Rb7 17. Rad1 Rbd7 18. Rxd7 Rxd7 19. Ba4 Rb7 20. b3 Nh5 21. Ne2 Nxf4 22. Nxf4 Rc7 23. Rd1 Bf6 24. Ng2 Kg7 25. Ne3 Be6 26. h4 h5 27. c4 c5 28. Rd6 Bd4 29. Kf1 Re7 30. Ke2 Kf6 31. Ra6 Kg7 32. Bc6 Bg4+ 33. Kd2 Bf3 34. Bd5 Rd7 35. a3 Re7 36. b4 cxb4 37. axb4 Bg4 38. b5 Bc8 39. Rd6 Rc7 40. Bc6 Bc5 41. Rd5 Bb4+ 42. Ke2 Be6 43. Rd8 a6 44. Rb8 axb5 45. cxb5 Bc5 46. Ra8 Kf6 47. Ra6 Ke5 48. Ra4 Ra7 49. Rxe4+ Kf6 50. Nd5+ Kg7 51. Nc3 Ra3 52. Kd3 Be7 53. Kc2 Bf5 54. f3 Bxe4+ 55. Bxe4 Bf6 56. Nd5 Ra2+ 57. Kb3 Rg2 58. b6 Be5 59. f4 Rxg3+ 60. Kc4 Bb8 61. b7 Rg4 62. Kc5 Rxf4 63. Nxf4 Bxf4 64. Kd5 Kf6 65. Bf3 Bb8 66. Kc6 Kf5 67. Bd5 f6 68. Kd7 g5 69. hxg5 fxg5 70. Kc8 Bf4 71. b8=Q Bxb8 72. Kxb8 g4 73. Kc7 Ke5 74. Kc6 h4 75. Kc5 h3 76. Bc6 g3 77. Kc4 g2 0-1


[Site "https://www.chess.com"]

[Event "Titled Tuesday Blitz February 07 Early 2023"]
[White "Danielyan, Vahe"]
[Black "Zemlyanskii, Ivan"]
[WhiteFideId "13304828"]
[BlackFideId "24249971"]
[WhiteElo "2346"]
[BlackElo "2300"]
[Result "0-1"]
[Round "03"]
[TimeControl "180+2"]
[Date "2023.02.07"]
[WhiteClock "0:00:01"]
[BlackClock "0:00:16"]

1. d4 Nc6 2. d5 Ne5 3. Bf4 Ng6 4. Bg3 Nf6 5. Nc3 e5 6. dxe6 fxe6 7. h4 Nh5 8. Qd3 Nxg3 9. Qxg3 Bd6 10. Qf3 Ne5 11. Qh5+ g6 12. Qg5 Qxg5 13. hxg5 Nf7 14. Nf3 Be7 15. Ne4 d5 16. Nf6+ Kf8 17. c3 Kg7 18. e3 Nxg5 19. Nxg5 Bxf6 20. Nf3 c5 21. O-O-O Bd7 22. e4 Bc6 23. e5 Be7 24. Be2 Raf8 25. Rh3 h5 26. Rdh1 Rf4 27. Rg3 h4 28. Rgh3 g5 29. R3h2 d4 30. Bd1 d3 0-1


[Site "https://www.chess.com"]

[Event "Titled Tuesday Blitz February 07 Early 2023"]
[White "Mortazavi, Ali"]
[Black "Goltsev, Dmitry"]
[WhiteFideId "401323"]
[BlackFideId "24176710"]
[WhiteElo "2333"]
[BlackElo "2269"]
[Result "1-0"]
[Round "03"]
[TimeControl "180+2"]
[Date "2023.02.07"]
[WhiteClock "0:00:30"]
[BlackClock "0:00:29"]

1. e4 e6 2. d4 d5 3. e5 c5 4. c3 Nc6 5. Nf3 Nge7 6. Bd3 Nf5 7. dxc5 Bxc5 8. b4 Be7 9. a4 h5 10. Bxf5 exf5 11. h4 Be6 12. Bf4 Rc8 13. Na3 a6 14. Nc2 Nb8 15. Qd2 Nd7 16. a5 Qc7 17. Ra3 b6 18. O-O bxa5 19. Rxa5 Qxc3 20. Qxc3 Rxc3 21. Ncd4 Bxb4 22. Rxa6 O-O 23. Nxe6 fxe6 24. Rxe6 Nc5 25. Rb6 Nd3 26. Bg5 Bc5 27. Rb7 Rc2 28. Be3 Bxe3 29. fxe3 Re2 30. Ra1 Nc5 31. Re7 f4 32. Raa7 Rf5 33. Rxg7+ Kf8 34. Rh7 Kg8 35. Rhg7+ Kf8 36. Ng5 Rxg5 37. hxg5 Ne4 38. Rgf7+ Ke8 39. g6 Ng3 40. Ra8# 1-0


[Site "https://www.chess.com"]

[Event "Titled Tuesday Blitz February 07 Early 2023"]
[White "Salimova, Nurgyul"]
[Black "Vagman, Roy"]
[WhiteFideId "2915138"]
[BlackFideId "2828995"]
[WhiteElo "2391"]
[BlackElo "2273"]
[Result "1-0"]
[Round "03"]
[TimeControl "180+2"]
[Date "2023.02.07"]
[WhiteClock "0:00:04"]
[BlackClock "0:00:01"]

1. Nf3 Nf6 2. c4 g6 3. g3 Bg7 4. Bg2 O-O 5. O-O d6 6. d4 Nbd7 7. Nc3 c6 8. b3 Qc7 9. Qc2 e5 10. Ba3 exd4 11. Nxd4 a5 12. Rad1 Nc5 13. e4 Bg4 14. f3 Bd7 15. Nde2 Rfd8 16. e5 Bf5 17. Ne4 Nfd7 18. exd6 Qb6 19. Kh1 Nxe4 20. fxe4 Bg4 21. c5 Qa6 22. Rde1 Ne5 23. Nf4 g5 24. Nh3 h6 25. Nf2 Be6 26. Bb2 a4 27. Bh3 axb3 28. axb3 Nf3 29. Bxe6 Nxe1 30. Bxf7+ Kxf7 31. Rxe1 Qa2 32. Nd3 Bxb2 33. Nxb2 Kg6 34. e5+ Kg7 35. e6 Qa5 36. Rf1 Rf8 37. Rg1 b6 38. Nd3 bxc5 39. e7 Rf7 40. Qb2+ Kg8 41. Qe5 Qd2 42. e8=Q+ Rxe8 43. Qxe8+ Kg7 44. Qe5+ Kg8 45. Qe4 c4 46. bxc4 Qc3 47. Ne5 Rf2 48. Qg6+ Kf8 49. Nd7# 1-0


[Site "https://www.chess.com"]